 Dungeon Crawl Stone Soup version 0.25-a0-549-g6e6e6501ad (webtiles) character file.

Game seed: 17306335441695949954, levelgen mode: deterministic

408 BeastOfSaturn the Slasher (level 6, 0/51 HPs)
             Began as a Draconian Fighter on Feb 23, 2020.
             Slain by an orc wizard
             ... wielding a +0 dagger of venom
              (5 damage)
             ... on level 3 of the Dungeon.
             The game lasted 00:10:24 (4582 turns).

BeastOfSaturn the Slasher (Draconian Fighter)       Turns: 4582, Time: 00:10:25

Health: 0/51       AC:  7    Str: 26    XL:     6   Next: 57%
Magic:  0/6        EV: 11    Int: 10    God:
Gold:   198        SH:  0    Dex: 11    Spells: 5/5 levels left

rFire    . . .     SeeInvis .   a - +0 long sword
rCold    . . .     Gourm    .   b - +0 kite shield
rNeg     . . .     Faith    .   (armour unavailable)
rPois    .         Spirit   +   (helmet restricted)
rElec    .         Reflect  .   r - scarf {Spirit}
rCorr    .         Harm     .   s - +0 pair of gloves
MR       .....                  (no boots)
Stlth    +.........             (no amulet)
HPRegen  0.17/turn              h - +3 ring of strength
MPRegen  0.10/turn              (no ring)

@: confused, mighty, lethally poisoned (0 -> -5)
A: unfitting armour, cold-blooded, AC +6
a: no special abilities


You were on level 3 of the Dungeon.
You were full.

You visited 1 branch of the dungeon, and saw 4 of its levels.

You collected 198 gold pieces.

Inventory:

Hand Weapons
 a - a +0 long sword (weapon)
Armour
 b - a +0 kite shield (worn)
 r - a scarf of spirit shield (worn)
 s - a +0 pair of gloves (worn)
Jewellery
 h - a +3 ring of strength (left hand)
Scrolls
 f - a scroll of amnesia
 i - a scroll of blinking {unknown}
 l - 2 scrolls of random uselessness
 m - 4 scrolls of teleportation {unknown}
 n - a scroll of noise {unknown}
 o - a scroll of fog {unknown}
 p - a scroll of magic mapping {unknown}
 t - a scroll of fear {unknown}
Potions
 e - a potion of curing
 g - a potion of stabbing {unknown}
 j - a potion of cancellation {unknown}
 k - 2 potions of mutation {unknown}
 q - 2 potions of lignification {unknown}
 u - a potion of heal wounds {unknown}
 v - a potion of ambrosia {unknown}
 x - 2 potions of degeneration {unknown}
Comestibles
 d - a ration


   Skills:
 - Level 3.2 Fighting
 * Level 5.5 Long Blades
 + Level 3.3 Dodging
 - Level 0.5 Stealth
 * Level 4.8 Shields


You had 5 spell levels left.
You didn't know any spells.
Your spell library was empty.

Dungeon Overview and Level Annotations

Branches:
Dungeon (4/15)
 Temple: D:4-7

Altars:
Dithmenos
The Shining One

Annotations:
D:2 1 runed translucent door, Crazy Yiuf


Innate Abilities, Weirdness & Mutations

Your plain brown scales are hard. (AC +6)
You cannot fit into any form of body armour.
You are cold-blooded and may be slowed by cold attacks.


Message History

* * * LOW HITPOINT WARNING * * *
You feel better.
You hear some strange, mumbled words.
You are confused.
You hear some strange, mumbled words.
A puff of flame appears from out of thin air!
The puff of flame hits you!
* * * LOW HITPOINT WARNING * * *
There is a stone staircase leading down here.
You bump into the rock wall.
Something hits you but does no damage.
You bump into the stone wall.
Something hits you.
* * * LOW HITPOINT WARNING * * *
You feel very mighty all of a sudden. Something hits you.
* * * LOW HITPOINT WARNING * * *
You are lethally poisoned!
You eat one of the 2 rations.
That ration really hit the spot!
* * * LOW HITPOINT WARNING * * *
You feel sick. Something hits you.
You die...

####..#######..........#.#
####..######...#########.#
....[.##.........# #.#
#####.##.###...#.# #.#
#<##.# ##.##.# #.# ###
#.##.####.##.# #.# ..#
#.##.##...##.# #.# #.#
#.##.##....#[#######.#
#.###.#####+####@........#
#.#...##.......#[{.......#
#....###)##.##.#.#######.#
(......#.#.#.#.#.# #.#
....(..+.)#♣#.['.# #.#
#### ......##.#(#.#.###
#.# #.†. #(....##.##.##.#
#.# #.## #.#.#..#..[....#
#.# #.# #...[..####'####
#.# #.#


There were no monsters in sight!

Vanquished Creatures
  2 howler monkeys
  2 orc wizards (D:3)
  A bullfrog skeleton (D:4)
  Terence (D:1)
  2 worker ants (D:4)
  A hound skeleton (D:4)
  4 adders
  4 oozes
  5 worms
  A dart slug (D:3)
  3 leopard geckos
  7 orcs
  3 ball pythons
  5 bats
  4 giant cockroaches
  11 goblins
  11 hobgoblins
  4 jackals
  A quokka (D:2)
  5 frilled lizards
  8 kobolds
  8 rats
93 creatures vanquished.

Notes
Turn   | Place    | Note
-------+----------+-------------------------------------------
     0 | D:1      | BeastOfSaturn the Draconian Fighter began the quest for the
                  | Orb.
     0 | D:1      | Reached XP level 1. HP: 19/19 MP: 1/1
   112 | D:1      | Reached XP level 2. HP: 13/26 MP: 2/2
  1095 | D:1      | Reached XP level 3. HP: 27/31 MP: 3/3
  1642 | D:2      | Reached skill level 3 in Long Blades
  1704 | D:2      | Reached XP level 4. HP: 38/38 MP: 4/4
  2059 | D:2      | Found a shadowy altar of Dithmenos.
  2064 | D:2      | Noticed Terence
  2119 | D:1      | Killed Terence
  2257 | D:2      | Found a glowing golden altar of the Shining One.
  2295 | D:2      | Found a runed translucent door.
  2296 | D:2      | Noticed Crazy Yiuf
  2715 | D:3      | Reached skill level 4 in Long Blades
  2715 | D:3      | Reached XP level 5. HP: 30/45 MP: 5/5
  3711 | D:4      | Reached XP level 6. HP: 37/51 MP: 6/6
  4067 | D:4      | Reached skill level 5 in Long Blades
  4582 | D:3      | Slain by an orc wizard

Levels and vault maps discovered:
D:1:      minmay_arrival_plants_in_alcoves, layout_basic
D:2:      layout_rooms, overflow_temple_1_default, first_ration, tso_metal_star,
          uniq_crazy_yiuf_cottage, uniq_terence
D:3:      layout_loops_ring, kennysheep_generic_room_9
D:4:      layout_gridville

Skill      XL: |  1  2  3  4  5  6 |
---------------+-------------------+-----
Shields        | 4 |  4.8
Long Blades    | 3 4 5 |  5.5
Dodging        | 3 |  3.3
Fighting       | |  3.2
Stealth        | |  0.5

Action                   |  1- 3 |  4- 6 || total
-------------------------+-------+-------++-------
Melee: Long sword        |   123 |   196 ||   319
       Tailslap          |    19 |    20 ||    39
  Use: Scroll            |       |     4 ||     4
       Potion            |       |     3 ||     3
 Stab: Sleeping          |     2 |     1 ||     3
  Eat: Chunk             |     3 |     8 ||    11
       Ration            |       |     2 ||     2
Armor: Skin              |    42 |    47 ||    89
Dodge: Dodged            |    58 |    71 ||   129
Block: Kite shield       |    58 |    83 ||   141
       Rpst.: Long sword |    15 |    19 ||    34

Table legend:
 A = Non-vault XP
 B = Vault XP
 C = Vault XP percentage of total XP
 D = Non-vault monster count
 E = Vault monster count
 F = Vault count percentage of total count
                 A         B        C        D         E       F
            +---------+---------+-------+---------+---------+-------
      Total |     547 |      37 |   6.3 |      91 |       2 |   2.2
            +---------+---------+-------+---------+---------+-------
        D:1 |      79 |      36 |  31.3 |      32 |       1 |   3.0
        D:2 |      46 |       0 |   0.0 |      17 |       0 |   0.0
        D:3 |     206 |       1 |   0.5 |      31 |       1 |   3.1
        D:4 |     216 |       0 |   0.0 |      11 |       0 |   0.0
            +---------+---------+-------+---------+---------+-------
